 Dungeon Crawl Stone Soup version 0.24-a0-778-g74da537 (webtiles) character file.

Game seed: 8854233852722093677, levelgen mode: deterministic

9834 DrEnzyme the Protected (level 11, -2/106 HPs)
             Began as a Naga Wanderer on Oct 6, 2019.
             Was a High Priest of Cheibriados.
             Slain by an orc warrior
             ... wielding a +0 scimitar
             ... led by an orc warlord
              (15 damage)
             ... on level 1 of the Orcish Mines on Oct 7, 2019.
             The game lasted 00:48:57 (12198 turns).

DrEnzyme the Protected (Naga Wanderer)             Turns: 12198, Time: 00:48:58

Health: -2/106     AC: 21    Str: 36    XL:     11   Next: 52%
Magic:  15/15      EV:  9    Int: 28    God:    Cheibriados [*****.]
Gold:   533        SH: 11    Dex: 22    Spells: 10/10 levels left

rFire    . . .     SeeInvis +   a - +5 hand axe (chop)
rCold    + . .     Gourm    .   G - +0 buckler
rNeg     . . .     Faith    .   N - +2 chain mail {rC+}
rPois    +         Spirit   .   e - +0 helmet
rElec    .         Reflect  +   z - +2 cloak
rCorr    .         Harm     .   s - +1 pair of gloves
MR       +....                  (no barding)
Stlth    ..........             d - +5 amulet of reflection
HPRegen  0.27/turn              j - +4 ring of strength
MPRegen  0.14/turn              g - +1 ring of protection

@: brilliant, studying Fighting, very slow
A: large, see invisible, deformed body, poison resistance, slowness 2, slow
metabolism 1, spit poison 1, AC +3
a: Spit Poison, Bend Time, Temporal Distortion, Slouch, Step From Time, Renounce
Religion


You were on level 1 of the Orcish Mines.
You worshipped Cheibriados.
Cheibriados was extremely pleased with you.
You were not hungry.

You visited 4 branches of the dungeon, and saw 14 of its levels.

You collected 1230 gold pieces.
You spent 697 gold pieces at shops.

Inventory:

Hand Weapons
 a - a +5 hand axe of chopping (weapon)
 x - a +4 dagger of holy wrath
Missiles
 p - 39 poisoned darts
 y - 5 curare-tipped darts (quivered)
Armour
 e - a +0 helmet (worn)
 r - a +0 large shield
 s - a +1 pair of gloves (worn)
 w - a scarf of cloud immunity
 z - a +2 cloak (worn)
 G - a +0 buckler (worn)
 N - a +2 chain mail of cold resistance (worn)
Jewellery
 d - a +5 amulet of reflection (around neck)
 g - a +1 ring of protection (right hand)
 j - a +4 ring of strength (left hand)
 m - an uncursed ring of fire
 I - an uncursed ring of fire
Wands
 b - a wand of flame (78)
 D - a wand of scattershot (1)
 F - a wand of enslavement (1)
 L - a wand of iceblast (1)
Scrolls
 c - a scroll of amnesia
 i - 2 scrolls of identify
 n - 4 scrolls of remove curse
 t - a scroll of immolation
 u - a scroll of holy word
 A - 3 scrolls of magic mapping
 M - a scroll of fog
Potions
 k - a potion of magic {unknown}
 l - 3 potions of flight
 v - 4 potions of curing
Books
 J - a manual of Fighting
Comestibles
 f - 23 rations


   Skills:
 * Level 9.2 Fighting
 + Level 8.8 Axes
 + Level 4.1 Throwing
 * Level 9.3 Armour
 + Level 2.7 Dodging
 * Level 3.3 Stealth
 * Level 4.3 Shields
 * Level 5.7 Invocations
 + Level 2.2 Evocations


You had 10 spell levels left.
You didn't know any spells.
Your spell library contained the following spells:

 Spells                   Type           Power        Failure   Level  Hunger
 Corona                   Hex            ###....      4%          1    ##.....
 Ensorcelled Hibernation  Hex/Ice        ###...       6%          2    ###....
 Poisonous Vapours        Pois/Air       ###...       6%          2    ###....
 Confuse                  Hex            ###.....     12%         3    ####...
 Conjure Flame            Conj/Fire      ###.....     12%         3    ####...
 Dazzling Spray           Conj/Hex       ###...       12%         3    ####...
 Mephitic Cloud           Conj/Pois/Air  ###.....     12%         3    ####...
 Tukima's Dance           Hex            ###.....     12%         3    ####...
 Freezing Cloud           Conj/Ice/Air   ###.......   98%         6    #######
 Ring of Flames           Chrm/Fire      ###.......   100%        7    #######


Dungeon Overview and Level Annotations

Branches:
Dungeon (10/15)            Temple (1/1) D:7            Lair (1/6) D:8
    Orc (2/2) D:9             Elf (0/3) Orc:2

Altars:
Ashenzari
Cheibriados
Dithmenos
Elyvilon
Fedhas
Gozag
Kikubaaqudgha
Makhleb
Okawaru
Qazlal
Ru
Sif Muna
Trog
Uskayaw
Wu Jian
Xom
Yredelemnul
Zin
The Shining One
Beogh

Shops:
D:5 }:?   D:8 =   D:10 [   Orc:2 [

Annotations:
D:6 exclusion: downstairs
Orc:1 exclusion: downstairs
Orc:2 Saint Roka


Innate Abilities, Weirdness & Mutations

You cannot wear boots.
Your serpentine skin is tough. (AC +3)
You have supernaturally acute eyesight. (SInv)
Armour fits poorly on your strangely shaped body.
Your system is resistant to poisons. (rPois)
You cover ground very slowly.
You have a slow metabolism.
You can spit poison.


Message History

You feel clever all of a sudden. The orc warlord misses you.
The orc sorcerer mumbles some strange words.
It was a potion of ambrosia.
You are confused.
You feel invigorated. The orc warrior closely misses you.
The orc warlord hits you with a +0 dire flail!
* * * LOW HITPOINT WARNING * * *
The orc sorcerer barely misses you.
The hellwing swoops through the air toward you!
The hellwing hits you but does no damage. x2
You feel less invigorated.
You feel less confused.
The orc warrior no longer looks unusually strong.
The orc sorcerer no longer looks unusually strong.
The orc warlord roars a battlecry!
The orcs go into a battle-frenzy!
You block the hellwing's attack. x2
The orc warrior hits you with a +0 scimitar!
You die...

#.....)....##
####...........### #
#......#.##......###
##
##.....#####.......#
#.
#......#.#.......###
##
##......###...#.## #
##......#....#.#
##.##o4o.>.####
###### #####@.o##.#
##..#.## #.....####
##.....#. ####.##
#........ #.#
###........ ###
##.#........
#......##...
#.....#.###.
#....#### ##
#.......###.


You could see an orc warlord, a hellwing, an orc sorcerer and an orc warrior.

Vanquished Creatures
  A two-headed ogre (D:7)
  An orc sorcerer (Orc:2)
  A kobold demonologist (D:8)
  5 trolls (Orc:2)
  A hippogriff (D:8)
  8 wargs
  8 orc warriors
  A sky beast (D:8)
  4 ice beasts
  A black bear (D:10)
  2 phantoms
  7 ogres
  A crocodile (D:10)
  5 centaurs
  11 big kobolds
  4 bullfrogs
  4 scorpions
  5 killer bees (D:8)
  3 wights (D:10)
  2 crimson imps
  A centaur zombie (D:8)
  4 hounds
  A gnoll shaman (D:7)
  15 orc priests
  A bullfrog zombie (D:8)
  18 orc wizards
  3 bullfrog skeletons
  A centaur skeleton (D:10)
  Ijyb (D:5)
  Terence (D:3)
  5 iguanas
  11 worker ants
  A hound zombie (D:7)
  A hound skeleton (D:2)
  8 gnolls
  13 adders
  3 shadow imps
  2 oozes
  An adder skeleton (D:9)
  4 worms
  4 dart slugs
  4 leopard geckos
  57 orcs
  5 giant cockroaches
  5 goblins
  5 hobgoblins
  12 jackals
  3 quokkas
  4 ball pythons
  9 bats
  5 frilled lizards
  A giant cockroach zombie (D:6)
  22 kobolds
  A leopard gecko zombie (D:6)
  8 rats
  A spectral orc (D:5)
316 creatures vanquished.

Vanquished Creatures (collateral kills)
  An orc warrior (Orc:2)
  An orc wizard (Orc:2)
  5 orcs (Orc:2)
7 creatures vanquished.

Vanquished Creatures (others)
  An orc warrior (Orc:2)
  An orc (Orc:1)
  A plant (D:8)
3 creatures vanquished.

Grand Total: 326 creatures vanquished

Notes
Turn   | Place    | Note
-------+----------+-------------------------------------------
     0 | D:1      | DrEnzyme the Naga Wanderer began the quest for the Orb.
     0 | D:1      | DrEnzyme set off with the following items: a +2 hand axe, a
                  | scroll of teleportation, a +0 ring mail, a ration
     0 | D:1      | Reached XP level 1. HP: 19/19 MP: 2/2
   180 | D:1      | Reached XP level 2. HP: 24/26 MP: 3/3
   729 | D:1      | Reached XP level 3. HP: 31/32 MP: 4/4
  1289 | D:2      | Reached skill level 5 in Armour
  1289 | D:2      | Reached XP level 4. HP: 34/39 MP: 5/5
  1612 | D:3      | Reached XP level 5. HP: 45/45 MP: 6/6
  1698 | D:3      | Noticed Terence
  1711 | D:3      | Killed Terence
  2218 | D:3      | Found a shimmering blue altar of Sif Muna.
  2350 | D:3      | Found a white marble altar of Elyvilon.
  2497 | D:3      | Upgraded the game from 0.24-a0-777-g30414c0 to
                  | 0.24-a0-778-g74da537
  2604 | D:3      | Reached skill level 1 in Dodging
  2762 | D:4      | Found a stormy altar of Qazlal.
  2870 | D:4      | Reached skill level 1 in Throwing
  3003 | D:4      | Reached XP level 6. HP: 32/54 MP: 7/7
  3175 | D:4      | Noticed a phantom
  3228 | D:4      | Killed a phantom
  3504 | D:4      | Reached XP level 7. HP: 60/61 MP: 8/8
  4174 | D:5      | Entered Level 5 of the Dungeon
  4205 | D:5      | Found a blossoming altar of Fedhas.
  4256 | D:5      | Found Nini's Book Emporium.
  4488 | D:5      | Noticed Ijyb
  4515 | D:5      | Killed Ijyb
  4661 | D:5      | Reached XP level 8. HP: 68/68 MP: 9/9
  4694 | D:5      | Found Lyekloy's Magic Scroll Boutique.
  4715 | D:5      | Bought a scroll of magic mapping for 49 gold pieces
  4715 | D:5      | Bought a scroll of enchant armour for 105 gold pieces
  4715 | D:5      | Bought a scroll of fear for 49 gold pieces
  4741 | D:5      | Found Kedar's Gadget Shoppe.
  4753 | D:5      | Found an iron altar of Okawaru.
  4805 | D:5      | Found a basalt altar of Yredelemnul.
  5144 | D:6      | Reached skill level 5 in Axes
  5331 | D:6      | Found a shimmering altar of Xom.
  5451 | D:6      | Reached skill level 1 in Shields
  5458 | D:6      | Found a glowing golden altar of the Shining One.
  5677 | D:7      | Noticed a two-headed ogre
  6035 | D:7      | Found a staircase to the Ecumenical Temple.
  6057 | Temple   | Entered the Ecumenical Temple
  6063 | Temple   | Became a worshipper of Cheibriados the Contemplative
  6177 | D:7      | Reached XP level 9. HP: 43/76 MP: 10/10
  6370 | D:7      | Found an opulent altar of Gozag.
  6405 | D:7      | Killed a two-headed ogre
  6405 | D:7      | Reached skill level 1 in Stealth
  6647 | D:7      | Found an ancient bone altar of Kikubaaqudgha.
  6832 | D:7      | Reached skill level 5 in Fighting
  6944 | D:8      | Found Vuheddao's Jewellery Emporium.
  6995 | D:8      | Reached skill level 1 in Invocations
  7005 | D:8      | Found a shattered altar of Ashenzari.
  7117 | D:8      | Reached * piety under Cheibriados
  7484 | D:8      | Found a staircase to the Lair.
  7600 | D:8      | Reached XP level 10. HP: 72/91 MP: 12/12
  7753 | D:8      | Noticed a kobold demonologist
  7763 | D:8      | Killed a kobold demonologist
  7785 | D:8      | Reached ** piety under Cheibriados
  8951 | D:9      | Found a staircase to the Orcish Mines.
  8984 | D:9      | Reached *** piety under Cheibriados
  9432 | D:10     | Entered Level 10 of the Dungeon
  9769 | D:10     | Found Birimeamyup's Antique Armour Shoppe.
  9962 | D:10     | Noticed a rakshasa
  9965 | D:10     | Noticed a cyclops
  9965 | D:10     | Noticed a two-headed ogre
  9972 | D:10     | Noticed a cyclops
 10010 | Orc:1    | Entered Level 1 of the Orcish Mines
 10118 | Orc:1    | Reached **** piety under Cheibriados
 10118 | Orc:1    | Reached XP level 11. HP: 85/103 MP: 14/14
 10460 | Orc:1    | Found a bloodstained altar of Trog.
 10497 | Orc:1    | Reached skill level 5 in Invocations
 10666 | Orc:2    | Entered Level 2 of the Orcish Mines
 11095 | D:8      | Bought a +5 amulet of reflection for 494 gold pieces
 11130 | Lair:1   | Entered Level 1 of the Lair of Beasts
 11130 | Lair:1   | Noticed a seven-headed hydra
 11263 | Orc:2    | Found a staircase to the Elven Halls.
 11537 | Orc:2    | Noticed Saint Roka
 11557 | Orc:2    | Found a roughly hewn altar of Beogh.
 11603 | Orc:2    | Found a roughly hewn altar of Beogh.
 11614 | Orc:2    | Reached ***** piety under Cheibriados
 11717 | Orc:2    | Noticed an orc warlord
 11768 | Orc:2    | Noticed an orc sorcerer
 11775 | Orc:2    | Killed an orc sorcerer
 11776 | Orc:2    | Found a roughly hewn altar of Beogh.
 11844 | Orc:2    | Found Jaarur's Antique Armour Shoppe.
 12184 | Orc:2    | Noticed an orc sorcerer
 12197 | Orc:1    | HP: 3/106 [orc warlord/+0 dire flail (13)]
 12198 | Orc:1    | Slain by an orc warrior

Levels and vault maps discovered:
D:1:      dpeg_arrival_ternary, layout_basic
D:2:      wad_river_or_something, layout_basic, uniq_robin
D:3:      layout_basic, elyvilon_altar_1, lemuel_doored_altar,
          portal_sewer_entry_d, uniq_terence
D:4:      minmay_skewed_foursquare, layout_basic, first_ration,
          grunt_qazlal_clouds
D:5:      layout_basic, yredelemnul_forgotten_temple_becter,
          fedhas_ov_isle_minmay, okawaru_gym_becter, serial_shops,
          nicolae_shop_waterfront, nicolae_shop_waterfront, shop,
          minmay_misc_feat_pillars, uniq_ijyb
D:6:      layout_rooms, nicolae_tso_carved_into_rock, kennysheep_little_box
D:7:      layout_rooms, grunt_gozag_breadcrumbs, overflow_temple_1_default,
          minmay_temple_entry_ruins, minivault_24, grunt_ogre_cave,
          minmay_manual_monolith
D:8:      layout_loops_ring, nicolae_ashenzari_panopticon,
          erik_lair_orcish_takeover, serial_shops, shop, special_room
          [special_room_kobold]
D:9:      layout_stronghold, orc_0_dummy, corexii_leaking_fountain
D:10:     layout_roguey, serial_shops, nicolae_shop_stone, minmay_evil_grid
Temple:   nicolae_temple_x_marks_the_god
Lair:1:   layout_chaotic_city
Orc:1:    layout_diamond_mine, trog_book
Orc:2:    grunt_orc_community_town_hall, layout_caves,
          grunt_orc_community_big_house_1, grunt_orc_community_big_house_1,
          grunt_orc_community_house_3, grunt_orc_community_house_2,
          grunt_orc_community_house_2, grunt_orc_community_house_1,
          grunt_orc_community_house_3, basic_altar, nicolae_orc_lava_tube,
          uniq_saint_roka

Skill      XL: |  1  2  3  4  5  6  7  8  9 10 11 |
---------------+----------------------------------+-----
Armour         | 5 6 7 8 9 |  9.3
Axes           | 2 3 4 6 7 8 |  8.8
Dodging        | 1 2 |  2.7
Throwing       | 1 2 3 4 |  4.1
Fighting       | 3 5 8 9 |  9.2
Shields        | 2 3 4 |  4.3
Stealth        | 1 3 |  3.3
Invocations    | 3 4 5 |  5.7
Evocations     | |  2.2

Action                   |  1- 3 |  4- 6 |  7- 9 | 10-12 || total
-------------------------+-------+-------+-------+-------++-------
Melee: Hand axe          |   123 |   201 |   366 |   430 ||  1120
Throw: Dart              |       |    32 |    64 |    46 ||   142
Invok: Bend Time         |       |       |     3 |       ||     3
 Abil: Spit Poison       |       |    20 |    60 |    51 ||   131
Evoke: Wand              |       |       |       |    12 ||    12
  Use: Scroll            |     5 |     7 |     5 |     9 ||    26
       Potion            |     2 |     4 |     4 |     4 ||    14
  Eat: Chunk             |     1 |     7 |    12 |     8 ||    28
       Ration            |       |       |     1 |     1 ||     2
Armor: Ring mail         |    70 |    79 |       |       ||   149
       Scale mail        |       |    58 |       |       ||    58
       Skin              |       |    22 |       |       ||    22
       Chain mail        |       |     4 |   240 |   272 ||   516
Dodge: Dodged            |    69 |   120 |   110 |   161 ||   460
Block: Buckler           |       |       |    37 |   158 ||   195
       Reflection        |       |       |       |     2 ||     2

Table legend:
 A = Non-vault XP
 B = Vault XP
 C = Vault XP percentage of total XP
 D = Non-vault monster count
 E = Vault monster count
 F = Vault count percentage of total count
                 A         B        C        D         E       F
            +---------+---------+-------+---------+---------+-------
      Total |    8870 |    5179 |  36.9 |     245 |      78 |  24.1
            +---------+---------+-------+---------+---------+-------
        D:1 |      46 |       0 |   0.0 |      23 |       0 |   0.0
        D:2 |      85 |      27 |  24.1 |      24 |       7 |  22.6
        D:3 |      57 |      49 |  46.2 |      17 |       2 |  10.5
        D:4 |     575 |      44 |   7.1 |      30 |       3 |   9.1
        D:5 |     317 |      37 |  10.5 |      14 |       2 |  12.5
        D:6 |     524 |     129 |  19.8 |      18 |       1 |   5.3
        D:7 |     589 |    1087 |  64.9 |      16 |       3 |  15.8
        D:8 |    1500 |    1904 |  55.9 |      32 |      21 |  39.6
        D:9 |     824 |       0 |   0.0 |      24 |       0 |   0.0
       D:10 |    1159 |       0 |   0.0 |      19 |       0 |   0.0
      Orc:1 |    1072 |       0 |   0.0 |      17 |       0 |   0.0
      Orc:2 |    2122 |    1902 |  47.3 |      11 |      39 |  78.0
            +---------+---------+-------+---------+---------+-------
